TOP OF THE 1ST |
Auburn Doubledays batting - Pitching for Los Angeles (NYP) Dodgers : LHP Nate Tate
|
Pitching: LHP Nate Tate
|
|
Batting: LHB John Holst
|
0-0: Ball 1-0: Ball 2-0: Ball 3-0: Base on Balls
|
Batting: LHB Chance McWilliams
|
0-0: Ball 1-0: Ball 2-0: Called Strike 2-1: Foul Ball, location: 2F 2-2: Ball Wild Pitch! John Holst to second 3-2: Ground out 4-3 (Groundball, 4, EV 91.9 MPH) John Holst to third
|
Batting: RHB Slavik Nebrodov
|
0-0: Ball 1-0: Ball 2-0: Foul Ball, location: 2F 2-1: Called Strike 2-2: Strikes out swinging
|
Batting: RHB Peter Croston
|
0-0: Swinging Strike 0-1: Called Strike 0-2: Strikes out swinging
|
Top of the 1st over - 0 runs, 0 hits, 0 errors, 1 left on base; Auburn 0 - Los Angeles (NYP) 0 |
BOTTOM OF THE 1ST |
Los Angeles (NYP) Dodgers batting - Pitching for Auburn Doubledays : RHP Jimmy Purscell
|
Pitching: RHP Jimmy Purscell
|
|
Batting: RHB Theo Schepers
|
0-0: Ball 1-0: Swinging Strike 1-1: Foul Ball, location: 2F 1-2: Strikes out swinging
|
Batting: SHB Guy Jerome
|
0-0: Foul Ball, location: 2F 0-1: Ball 1-1: Called Strike 1-2: Ball 2-2: Ball 3-2: Foul Ball, location: 2F 3-2: Foul Ball, location: 2F 3-2: Foul Ball, location: 2F 3-2: Strikes out swinging
|
Batting: LHB Chris Buchan
|
0-0: Ball 1-0: Ball 2-0: Foul Ball, location: 2F 2-1: Swinging Strike 2-2: Strikes out swinging
|
Bottom of the 1st over - 0 runs, 0 hits, 0 errors, 0 left on base; Auburn 0 - Los Angeles (NYP) 0 |
TOP OF THE 2ND |
Auburn Doubledays batting - Pitching for Los Angeles (NYP) Dodgers : LHP Nate Tate
|
Batting: RHB Jim Towle
|
0-0: Ball 1-0: Ball 2-0: Foul Ball, location: 2F 2-1: Foul Ball, location: 2F 2-2: Strikes out looking
|
Batting: SHB Ed Thorpe Jr.
|
0-0: Called Strike 0-1: Ball 1-1: Foul Ball, location: 2F 1-2: Ball 2-2: Ball 3-2: Strikes out swinging
|
Batting: RHB Jelexiz Cuenca
|
0-0: Called Strike 0-1: Hit by Pitch
|
Batting: RHB Scott Skoglund
|
0-0: Called Strike 0-1: Ball 1-1: Foul Ball, location: 2F 1-2: Ball 2-2: Strikes out swinging
|
Top of the 2nd over - 0 runs, 0 hits, 0 errors, 1 left on base; Auburn 0 - Los Angeles (NYP) 0 |
BOTTOM OF THE 2ND |
Los Angeles (NYP) Dodgers batting - Pitching for Auburn Doubledays : RHP Jimmy Purscell
|
Batting: RHB Javier Solis
|
0-0: Called Strike 0-1: Ground out 6-3 (Groundball, 6, EV 80.6 MPH)
|
Batting: LHB Fernão Manta
|
0-0: Called Strike 0-1: Swinging Strike 0-2: Foul Ball, location: 2F 0-2: Strikes out swinging
|
Batting: LHB Jim Jardine
|
0-0: Swinging Strike 0-1: Called Strike 0-2: Ground out 5-3 (Groundball, 56, EV 89.4 MPH)
|
Bottom of the 2nd over - 0 runs, 0 hits, 0 errors, 0 left on base; Auburn 0 - Los Angeles (NYP) 0 |
TOP OF THE 3RD |
Auburn Doubledays batting - Pitching for Los Angeles (NYP) Dodgers : LHP Nate Tate
|
Batting: RHB Sentos Alatas
|
0-0: Foul Ball, location: 2F 0-1: Ball 1-1: Ground out 3-1 (Groundball, 34D, EV 105.6 MPH)
|
Batting: LHB John Holst
|
0-0: Ball 1-0: Ball 2-0: Called Strike 2-1: Called Strike 2-2: Ball 3-2: Base on Balls
|
Batting: LHB Chance McWilliams
|
0-0: Swinging Strike 0-1: Foul Ball, location: 2F 0-2: Ball 1-2: Ball 2-2: Strikes out looking
|
Batting: RHB Slavik Nebrodov
|
0-0: Ball 1-0: Ball 2-0: Ball John Holst steals 2nd base 3-0: Called Strike 3-1: Base on Balls
|
Batting: RHB Peter Croston
|
0-0: Swinging Strike 0-1: Foul Ball, location: 2F 0-2: Ball 1-2: Strikes out swinging
|
Top of the 3rd over - 0 runs, 0 hits, 0 errors, 2 left on base; Auburn 0 - Los Angeles (NYP) 0 |
BOTTOM OF THE 3RD |
Los Angeles (NYP) Dodgers batting - Pitching for Auburn Doubledays : RHP Jimmy Purscell
|
Batting: LHB Bobby Gambrell
|
0-0: Called Strike 0-1: Foul Ball, location: 2F 0-2: Foul Ball, location: 2F 0-2: Foul Ball, location: 2F 0-2: Ball 1-2: Foul Ball, location: 2F 1-2: Foul Ball, location: 2F 1-2: Strikes out swinging
|
Batting: RHB Juan Gallegos
|
0-0: Ball 1-0: Foul Ball, location: 2F 1-1: Foul Ball, location: 2F 1-2: Ball 2-2: Strikes out looking
|
Batting: RHB Kekoa Kahele
|
0-0: Ball 1-0: Ball 2-0: Called Strike 2-1: Foul Ball, location: 2F 2-2: Strikes out swinging
|
Bottom of the 3rd over - 0 runs, 0 hits, 0 errors, 0 left on base; Auburn 0 - Los Angeles (NYP) 0 |
TOP OF THE 4TH |
Auburn Doubledays batting - Pitching for Los Angeles (NYP) Dodgers : LHP Nate Tate
|
Batting: RHB Jim Towle
|
0-0: Ball 1-0: Foul Ball, location: 2F 1-1: Ball 2-1: Foul Ball, location: 2F 2-2: Strikes out swinging
|
Batting: SHB Ed Thorpe Jr.
|
0-0: Called Strike 0-1: Ground out 5-3 (Groundball, 56S, EV 88.8 MPH)
|
Batting: RHB Jelexiz Cuenca
|
0-0: Fly out, F8 (Flyball, 8RD, EV 106.9 MPH)
|
Top of the 4th over - 0 runs, 0 hits, 0 errors, 0 left on base; Auburn 0 - Los Angeles (NYP) 0 |
BOTTOM OF THE 4TH |
Los Angeles (NYP) Dodgers batting - Pitching for Auburn Doubledays : RHP Jimmy Purscell
|
Batting: RHB Theo Schepers
|
0-0: Ball 1-0: Called Strike 1-1: Hit by Pitch
|
Batting: SHB Guy Jerome
|
0-0: Called Strike 0-1: Foul Ball, location: 2F 0-2: Ball Wild Pitch! Theo Schepers to second 1-2: Ball 2-2: Foul Ball, location: 2F 2-2: Strikes out looking
|
Batting: LHB Chris Buchan
|
0-0: Ground out 4-3 (Groundball, 4, EV 90.6 MPH) Theo Schepers to third
|
Batting: RHB Javier Solis
|
0-0: Ground out 5-3 (Groundball, 56, EV 102.5 MPH)
|
Bottom of the 4th over - 0 runs, 0 hits, 0 errors, 1 left on base; Auburn 0 - Los Angeles (NYP) 0 |
TOP OF THE 5TH |
Auburn Doubledays batting - Pitching for Los Angeles (NYP) Dodgers : LHP Nate Tate
|
Batting: RHB Scott Skoglund
|
0-0: Ball 1-0: Foul Ball, location: 2F 1-1: Foul Ball, location: 2F 1-2: Ball 2-2: Foul Ball, location: 2F 2-2: Strikes out swinging
|
Batting: RHB Sentos Alatas
|
0-0: Ground out 6-3 (Groundball, 6S, EV 83.1 MPH)
|
Batting: LHB John Holst
|
0-0: Ball 1-0: Foul Ball, location: 2F 1-1: Ball 2-1: Called Strike 2-2: Strikes out swinging
|
Top of the 5th over - 0 runs, 0 hits, 0 errors, 0 left on base; Auburn 0 - Los Angeles (NYP) 0 |
BOTTOM OF THE 5TH |
Los Angeles (NYP) Dodgers batting - Pitching for Auburn Doubledays : RHP Jimmy Purscell
|
Batting: LHB Fernão Manta
|
0-0: Called Strike 0-1: Ball 1-1: Called Strike 1-2: Foul Ball, location: 2F 1-2: Ball 2-2: Ball 3-2: Foul Ball, location: 2F 3-2: Foul Ball, location: 2F 3-2: Foul Ball, location: 2F 3-2: Base on Balls
|
Batting: LHB Jim Jardine
|
0-0: Ball 1-0: Swinging Strike 1-1: DOUBLE (Line Drive, 89D, EV 103.8 MPH) Fernão Manta to third
|
Batting: LHB Bobby Gambrell
|
0-0: Ball 1-0: Swinging Strike 1-1: Foul Ball, location: 2F 1-2: Ball 2-2: SINGLE (Groundball, 6D, EV 95.6 MPH) Fernão Manta scores Jim Jardine to third
|
Batting: RHB Juan Gallegos
|
0-0: Ball 1-0: Fly out, F8 (Flyball, 8LXD, EV 96.2 MPH) Runner from 3rd tags up, SCORES, no throw by CF
|
Batting: RHB Kekoa Kahele
|
0-0: Called Strike Bobby Gambrell steals 2nd, throwing error, E2 Bobby Gambrell to third 0-1: Called Strike 0-2: Foul Ball, location: 2F 0-2: Strikes out looking
|
Pitching: RHP John Kovach
|
|
Batting: RHB Theo Schepers
|
0-0: Fly out, F8 (Line Drive, 89M, EV 90.6 MPH)
|
Bottom of the 5th over - 2 runs, 2 hits, 1 error, 1 left on base; Auburn 0 - Los Angeles (NYP) 2 |
TOP OF THE 6TH |
Auburn Doubledays batting - Pitching for Los Angeles (NYP) Dodgers : LHP Nate Tate
|
Batting: LHB Chance McWilliams
|
0-0: Foul Ball, location: 2F 0-1: Ball 1-1: Swinging Strike 1-2: Ball 2-2: Ball 3-2: Foul Ball, location: 2F 3-2: Foul Ball, location: 2F 3-2: Base on Balls
|
Batting: RHB Slavik Nebrodov
|
0-0: Foul Ball, location: 2F 0-1: Ball Wild Pitch! Chance McWilliams to second 1-1: Foul Ball, location: 2F 1-2: Foul Ball, location: 2F 1-2: Strikes out swinging
|
Batting: RHB Peter Croston
|
0-0: Foul Ball, location: 2F 0-1: Foul Ball, location: 2F 0-2: Foul Ball, location: 2F 0-2: Ball 1-2: Foul Ball, location: 2F 1-2: Ground out 6-3 (Groundball, 6, EV 97.5 MPH)
|
Batting: RHB Jim Towle
|
0-0: Ball 1-0: Ball 2-0: Ball 3-0: Called Strike 3-1: Base on Balls
|
Batting: SHB Ed Thorpe Jr.
|
0-0: Called Strike 0-1: Ball 1-1: Foul Ball, location: 2F 1-2: SINGLE (Groundball, 5S, EV 75.6 MPH) (infield hit) Chance McWilliams to third Jim Towle to second
|
Pitching: LHP Kai Klindt
|
|
Batting: RHB Jelexiz Cuenca
|
0-0: Ball 1-0: Ball 2-0: Swinging Strike 2-1: Called Strike 2-2: Strikes out swinging
|
Top of the 6th over - 0 runs, 1 hit, 0 errors, 3 left on base; Auburn 0 - Los Angeles (NYP) 2 |
BOTTOM OF THE 6TH |
Los Angeles (NYP) Dodgers batting - Pitching for Auburn Doubledays : RHP John Kovach
|
Batting: SHB Guy Jerome
|
0-0: Called Strike 0-1: Foul Ball, location: 2F 0-2: Foul Ball, location: 2F 0-2: Ground out U3 (Groundball, 3L, EV 98.8 MPH)
|
Batting: LHB Chris Buchan
|
0-0: Called Strike 0-1: Ground out 1-3 (Groundball, 13S, EV 70.0 MPH)
|
Batting: RHB Javier Solis
|
0-0: Called Strike 0-1: Called Strike 0-2: Ball 1-2: Ground out 5-3 (Groundball, 56, EV 85.0 MPH)
|
Bottom of the 6th over - 0 runs, 0 hits, 0 errors, 0 left on base; Auburn 0 - Los Angeles (NYP) 2 |
TOP OF THE 7TH |
Auburn Doubledays batting - Pitching for Los Angeles (NYP) Dodgers : LHP Kai Klindt
|
Batting: RHB Scott Skoglund
|
0-0: Swinging Strike 0-1: Called Strike 0-2: Ball 1-2: Ball 2-2: Strikes out swinging
|
Batting: RHB Sentos Alatas
|
0-0: Ground out 6-3 (Groundball, 6, EV 98.1 MPH)
|
Batting: LHB John Holst
|
0-0: Called Strike 0-1: Ball 1-1: Called Strike 1-2: Ball 2-2: Foul Ball, location: 2F 2-2: Fly out, F8 (Flyball, 89M, EV 85.6 MPH)
|
Top of the 7th over - 0 runs, 0 hits, 0 errors, 0 left on base; Auburn 0 - Los Angeles (NYP) 2 |
BOTTOM OF THE 7TH |
Los Angeles (NYP) Dodgers batting - Pitching for Auburn Doubledays : RHP John Kovach
|
Batting: LHB Fernão Manta
|
0-0: Called Strike 0-1: Ball 1-1: Foul Ball, location: 2F 1-2: Foul Ball, location: 2F 1-2: Ball 2-2: Ball 3-2: DOUBLE (Line Drive, 89D, EV 105.6 MPH)
|
Batting: LHB Jim Jardine
|
0-0: Called Strike 0-1: Ball 1-1: Foul Ball, location: 2F 1-2: Strikes out looking
|
Batting: LHB Bobby Gambrell
|
0-0: Called Strike 0-1: Ball 1-1: Ball 2-1: Ball 3-1: Base on Balls
|
Pitching: LHP Johnny Busse
|
|
Batting: RHB Juan Gallegos
|
0-0: Ball 1-0: Fly out, F8 (Flyball, 8RS, EV 96.2 MPH)
|
Batting: RHB Kekoa Kahele
|
0-0: Ball 1-0: Called Strike 1-1: Called Strike 1-2: Ground out 4-3 (Groundball, 4, EV 83.1 MPH)
|
Bottom of the 7th over - 0 runs, 1 hit, 0 errors, 2 left on base; Auburn 0 - Los Angeles (NYP) 2 |
TOP OF THE 8TH |
Auburn Doubledays batting - Pitching for Los Angeles (NYP) Dodgers : LHP Kai Klindt
|
Batting: LHB Chance McWilliams
|
0-0: Swinging Strike 0-1: Foul Ball, location: 2F 0-2: Ball 1-2: Strikes out swinging
|
Batting: RHB Slavik Nebrodov
|
0-0: Foul Ball, location: 2F 0-1: Ball 1-1: Foul Ball, location: 2F 1-2: Fly out, F8 (Line Drive, 8LM, EV 90.0 MPH)
|
Batting: RHB Peter Croston
|
0-0: SOLO HOME RUN (Flyball, 9LD, EV 96.9 MPH), Distance : 345 ft
|
Batting: RHB Jim Towle
|
0-0: Ball 1-0: Called Strike 1-1: Ball 2-1: Foul Ball, location: 2F 2-2: Ball 3-2: Ground out 4-3 (Groundball, 34S, EV 92.5 MPH)
|
Top of the 8th over - 1 run, 1 hit, 0 errors, 0 left on base; Auburn 1 - Los Angeles (NYP) 2 |
BOTTOM OF THE 8TH |
Los Angeles (NYP) Dodgers batting - Pitching for Auburn Doubledays : LHP Johnny Busse
|
Batting: RHB Theo Schepers
|
0-0: Ball 1-0: Called Strike 1-1: Ball 2-1: Fly out, F7 (Flyball, 7S, EV 89.4 MPH)
|
Batting: SHB Guy Jerome
|
0-0: Ball 1-0: Ball 2-0: Foul Ball, location: 2F 2-1: Swinging Strike 2-2: Ball 3-2: Foul Ball, location: 2F 3-2: Foul Ball, location: 2F 3-2: Base on Balls
|
Batting: LHB Chris Buchan
|
0-0: Ball Guy Jerome steals 2nd base 1-0: Ball 2-0: DOUBLE (Flyball, 9LD, EV 110.6 MPH) Guy Jerome scores
|
Batting: RHB Javier Solis
|
0-0: Intentional Walk
|
Batting: LHB Fernão Manta
|
0-0: Called Strike 0-1: Ball 1-1: Ball 2-1: Swinging Strike 2-2: Foul Ball, location: 2F 2-2: Grounds into double play, 6-4-3 (Groundball, 6, EV 81.2 MPH)
|
Bottom of the 8th over - 1 run, 1 hit, 0 errors, 1 left on base; Auburn 1 - Los Angeles (NYP) 3 |
TOP OF THE 9TH |
Auburn Doubledays batting - Pitching for Los Angeles (NYP) Dodgers : LHP Kai Klindt
|
Pitching: LHP Micah Watson
|
|
Now in CF: Kekoa Kahele
|
|
Now in RF: Alex Mejia
|
|
Batting: SHB Ed Thorpe Jr.
|
0-0: Ball 1-0: Foul Ball, location: 2F 1-1: SINGLE (Groundball, 6, EV 106.2 MPH)
|
Batting: RHB Jelexiz Cuenca
|
0-0: Ball 1-0: Called Strike 1-1: Ball 2-1: Swinging Strike 2-2: Strikes out looking
|
Batting: RHB Scott Skoglund
|
0-0: Foul Ball, location: 2F 0-1: Foul Ball, location: 2F 0-2: Strikes out swinging
|
Batting: RHB Sentos Alatas
|
0-0: Foul Ball, location: 2F 0-1: Foul Ball, location: 2F 0-2: Ball Wild Pitch! Ed Thorpe Jr. to second 1-2: Ball 2-2: Strikes out swinging
|
Top of the 9th over - 0 runs, 1 hit, 0 errors, 1 left on base; Auburn 1 - Los Angeles (NYP) 3 |
|